 Dungeon Crawl Stone Soup version 0.28.0-43-g3370ac3207 (webtiles) character file.

Game seed: 4827600295683177578

175 funkygono the Firebug (level 5, 0/28 HPs)
             Began as a Gargoyle Fire Elementalist on Mar 8, 2022.
             Slain by Edmund
             ... wielding a +3 vorpal dire flail
              (2 damage)
             ... on level 4 of the Dungeon.
             The game lasted 00:06:19 (3804 turns).

funkygono the Firebug (Gargoyle Fire Elementalist)  Turns: 3804, Time: 00:06:20

Health: 0/28       AC:  9    Str: 18    XL:     5   Next: 55%
Magic:  4/10       EV: 12    Int: 17    God:
Gold:   129        SH:  0    Dex: 10    Spells: 1/11 levels left

rFire   . . .      SeeInvis .   e - +1 whip
rCold   . . .      Faith    .   (no shield)
rNeg    + . .      Spirit   .   a - +0 robe
rPois   ∞          Reflect  .   j - +0 helmet
rElec   +          Harm     .   n - +1 cloak
rCorr   .          Rampage  .   (no gloves)
Will    .....                   (no boots)
Stlth   ++........              (no amulet)
HPRegen 0.09/turn               g - +6 ring of strength
MPRegen 0.12/turn               (no ring)

@: no status effects
A: sickness immunity, AC +4, negative energy resistance 1, electricity
resistance, torment resistance 1, petrification resistance
a: no special abilities


You were on level 4 of the Dungeon.
You visited 1 branch of the dungeon, and saw 4 of its levels.

You collected 129 gold pieces.

Inventory:

Hand Weapons
 e - a +1 whip (weapon)
 m - a +2 quarterstaff of chaos
Missiles
 f - 53 stones
Armour
 a - a +0 robe (worn)
 c - a +0 leather armour
 j - a +0 helmet (worn)
 n - a +1 cloak (worn)
Jewellery
 g - a +6 ring of strength (left hand)
Scrolls
 d - a scroll of summoning
Potions
 b - a potion of lignification
 h - a potion of cancellation


   Skills:
 + Level 1.6 Dodging
 - Level 2.1 Stealth
 * Level 3.6 Spellcasting
 * Level 2.7 Conjurations
 * Level 4.2 Fire Magic


You had one spell level left.
You knew the following spells:

 Your Spells              Type           Power      Damage    Failure   Level
a - Foxfire               Conj/Fire      60%        2x1d7     4%          1
b - Scorch                Fire           34%        2d7       4%          2
c - Conjure Flame         Conj/Fire      15%        6-21      12%         3
d - Flame Wave            Conj/Fire      15%        2d6       36%         4

Your spell library contained the following spells:

 Spells                   Type           Power      Damage    Failure   Level
 Inner Flame              Hex/Fire       10%        N/A       21%         3
 Gell's Gravitas          Tloc           3%         N/A       45%         3
 Lesser Beckoning         Tloc           3%         N/A       45%         3
 Teleport Other           Tloc           3%         N/A       45%         3


Dungeon Overview and Level Annotations

Branches:
Dungeon (4/15)
 Temple: D:4-7

Altars:
Ashenzari
Sif Muna
Xom
Yredelemnul

Shops:
D:2 ?   D:3 (

Annotations:
D:4 Edmund


Innate Abilities, Weirdness & Mutations

You are immune to sickness and miasma.
Your stone body is resilient. (AC +4)
You are immune to poison.
You resist negative energy. (rN+)
You are resistant to electric shocks. (rElec)
You are resistant to unholy torment.
You are immune to petrification.


Message History

Unknown command.
The foxfire hits Edmund but does no damage.
Edmund is severely wounded.
The foxfire hits Edmund.
Edmund is severely wounded.
Casting: Foxfire (safe; 4% risk of failure)
Confirm with . or Enter, or press ? or * to list all spells.
You conjure some foxfire!
Edmund hits you with a +3 vorpal dire flail.
The foxfire hits Edmund but does no damage.
Edmund is severely wounded.
The foxfire hits Edmund but does no damage.
Edmund is severely wounded.
Casting: Foxfire (safe; 4% risk of failure)
Confirm with . or Enter, or press ? or * to list all spells.
You conjure some foxfire!
Edmund hits you with a +3 vorpal dire flail.
Unknown command.
You hit Edmund but do no damage.
Edmund is severely wounded.
The foxfire hits Edmund.
Edmund is severely wounded.
The foxfire hits Edmund.
Edmund is almost dead.
Edmund hits you with a +3 vorpal dire flail.
You hit Edmund.
Edmund is almost dead.
Edmund hits you with a +3 vorpal dire flail.
* * * LOW HITPOINT WARNING * * *
x2
There is a stone staircase leading up here.
Okay, then.
There is a stone staircase leading up here.
There is a stone staircase leading up here.
Casting: Foxfire (safe; 4% risk of failure)
Confirm with . or Enter, or press ? or * to list all spells.
You conjure some foxfire!
Edmund mutters, "Who needs spells, anyway?"
Edmund hits you with a +3 vorpal dire flail!
* * * LOW HITPOINT WARNING * * *
You die...

.# ..#########...
#.# .[.............
#.# .......... ....
#.# .......?.. #..
.#.### .g.o...o..
#.#..... .......#
#..##.### ...o...#
#..v@...# ..<....#
#..@#.#.# .§######
#.v.#<#.# ..
########...#.#.# ..#
#..........#...# ..#
#..........#.#######
..#
#........#..........
..#
#........#.#.#######
..## #........#...#
...# #........##..#


You could see Edmund (ally target).

Vanquished Creatures
  Crazy Yiuf (D:2)
  An orc wizard (D:3)
  4 gnolls
  An adder (D:2)
  2 worms (D:2)
  A dart slug (D:1)
  An orc (D:3)
  12 endoplasms
  6 giant cockroaches
  6 goblins
  5 hobgoblins
  2 jackals (D:2)
  3 quokkas
  4 ball pythons
  2 bats
  5 frilled lizards
  2 kobolds
  5 rats
63 creatures vanquished.

Vanquished Creatures (others)
  230 foxfires
230 creatures vanquished.

Grand Total: 293 creatures vanquished

Notes
Turn   | Place    | Note
-------+----------+-------------------------------------------
     0 | D:1      | funkygono the Gargoyle Fire Elementalist began the quest
                  | for the Orb.
     0 | D:1      | Reached XP level 1. HP: 10/10 MP: 3/3
   177 | D:1      | Reached XP level 2. HP: 15/15 MP: 3/5
   180 | D:1      | Learned a level 2 spell: Scorch
   593 | D:1      | Reached XP level 3. HP: 19/19 MP: 4/6
   597 | D:1      | Learned a level 3 spell: Conjure Flame
  1305 | D:2      | Found a faded altar of an unknown god.
  1363 | D:2      | Found a shimmering altar of Xom.
  1596 | D:2      | Reached XP level 4. HP: 24/24 MP: 5/8
  1639 | D:2      | Found a runed translucent door.
  1640 | D:2      | Noticed Crazy Yiuf
  1670 | D:2      | Reached skill level 4 in Fire Magic
  1912 | D:2      | Found Giran's Magic Scroll Shoppe.
  2351 | D:2      | Killed Crazy Yiuf
  2352 | D:2      | Reached XP level 5. HP: 12/28 MP: 0/10
  2540 | D:2      | Learned a level 4 spell: Flame Wave
  2800 | D:3      | Found a shimmering blue altar of Sif Muna.
  3000 | D:3      | Found a broken altar of Ashenzari.
  3122 | D:3      | Found a basalt altar of Yredelemnul.
  3233 | D:3      | Found Roawyleyle's Weapon Shop.
  3738 | D:4      | Noticed Edmund
  3804 | D:4      | Slain by Edmund

Illustrated notes

Levels and vault maps discovered:
D:1:      lightli_arrival_quake, layout_loops_ring
D:2:      layout_basic, basic_altar, chequers_ecumenical_altar_twisty,
          serial_shops, shop, minmay_misc_feat_cross,
          chequers_serial_rivers_room_b, uniq_crazy_yiuf_cottage
D:3:      layout_basic, cheibrodos_ashenzari_chains,
          nicolae_overflow_hidden_temple, mainiacjoe_overflow_brackets,
          serial_shops, nicolae_shop_bloodbath_and_beyond
D:4:      layout_basic, marbit_many_paths, temple_fountains, minmay_cupped,
          uniq_edmund

Skill      XL: |  1  2  3  4 |
---------------+-------------+-----
Fire Magic     | 4 |  4.2
Conjurations   | 2 |  2.7
Spellcasting   | 3 |  3.6
Dodging        | |  1.6
Stealth        | |  2.1

Action                   |  1- 3 |  4- 6 || total
-------------------------+-------+-------++-------
Melee: Whip              |     1 |    10 ||    11
 Cast: Foxfire           |    62 |    76 ||   138
       Scorch            |       |     5 ||     5
  Use: Scroll            |       |     7 ||     7
Armor: Robe              |     3 |     5 ||     8
Dodge: Dodged            |     8 |     7 ||    15
